 Dungeon Crawl Stone Soup version 0.32-a0-779-g362cfcae2a (webtiles) character file.

Game seed: 11972204787519586118

145 Xavori the Trooper (level 5, -2/40 HPs)
             Began as a Djinni Chaos Knight on Mar 19, 2024.
             Was a Plaything of Xom.
             Slain by an orc
             ... wielding a +0 trident
              (9 damage)
             ... on level 3 of the Dungeon.
             The game lasted 00:03:19 (11196 turns).

Xavori the Trooper (Djinni Chaos Knight)           Turns: 11196, Time: 00:03:20

Health: -2/40      AC:  5    Str: 10 (11) XL:     5   Next: 53%
Gold:   206        EV: 11    Int:  8 (9)  God:    Xom [*.....] SH:  5 Dex: 14 (15)

rFire   + + .        a - +0 falchion (chaos)
rCold   x . .        (no shield)
rNeg    . . .        b - +2 leather armour
rPois   ∞            (helmet restricted)
rElec   .            (no cloak)
rCorr   .            (no gloves)
SInv    .            (boots unavailable)
Will    .....        j - amulet of the Eleven Lives {Reflect Harm Regen+ SH+5}
Stlth   ++           (no ring)
HPRegen 1.06/turn    (no ring)
MPRegen 0.00/turn

%: harm (+30% outgoing, +20% incoming), reflection, infuse magic (-3 HP)
@: flying
A: sickness immunity, fire resistance 2, cold vulnerability 1, float, innate
caster, HP casting, extra vitality 1, horns 1, camouflage 1, deterioration 1,
dopey 2, wild magic 1, inability to drink after injury 1, noise suppression
a: Renounce Religion


You were on level 3 of the Dungeon.
You worshipped Xom.
You were a special plaything of Xom.
You visited 1 branch of the dungeon, and saw 3 of its levels.

You collected 206 gold pieces.

Inventory:

Hand Weapons
 a - a +0 falchion of chaos (weapon)
Armour
 b - a +2 leather armour (worn)
Jewellery
 j - the amulet of the Eleven Lives (around neck) {Reflect Harm Regen+ SH+5}
   (You acquired it on level 1 of the Dungeon)

   [amulet of reflection]

   Reflect:   It reflects blocked missile attacks.
   Regen+:    It increases your rate of health regeneration.
   SH+5:      It affects your SH (+5).
   Harm:      It increases damage dealt and taken.
 r - a ring of ice
Wands
 u - a wand of polymorph (12)
 w - a wand of charming (12)
Scrolls
 c - a scroll of butterflies
 d - a scroll of immolation {unknown}
 f - a scroll of fear {unknown}
 i - 2 scrolls of teleportation {unknown}
 o - a scroll of fog {unknown}
 p - 2 scrolls of silence {unknown}
 q - a scroll of brand weapon {unknown}
 s - 2 scrolls of identify {unknown}
 v - a scroll of noise {unknown}
Potions
 e - a potion of resistance {unknown}
 g - a potion of curing {unknown}
 h - a potion of haste {unknown}
 k - a potion of heal wounds {unknown}
 l - a potion of brilliance {unknown}
 m - 2 potions of cancellation {unknown}
 n - a potion of magic {unknown}
 t - 2 potions of enlightenment {unknown}


   Skills:
 + Level 3.5 Fighting
 + Level 3.2 Long Blades
 + Level 2.0 Armour
 + Level 3.0 Dodging
 * Level 2.0 Spellcasting
 * Level 2.0 Conjurations
 * Level 2.0 Hexes
   Level 0.0 Charms
 * Level 2.0 Summonings
 * Level 2.0 Necromancy
 * Level 2.0 Translocations
   Level 0.0 Transmutations
 * Level 2.0 Fire Magic
 * Level 2.0 Ice Magic
 * Level 2.0 Air Magic
 * Level 2.0 Earth Magic
 * Level 2.0 Alchemy


You knew the following spells:

 Your Spells              Type           Power      Damage    Failure   Level
a - Necrotise             Necr           20%        1d5       28%         1
b - Scorch                Fire           10%        2d5       38%         2
Your spell library was empty.

Dungeon Overview and Level Annotations

Branches:
Dungeon (3/15)

Altars:
Hepliaklqana
Uskayaw
Xom


Innate Abilities, Weirdness & Mutations

You are immune to sickness and miasma.
You are immune to poison.
Your flesh is very heat resistant. (rF++)
You are vulnerable to cold. (rC-)
You float through the air rather than walking.
You learn spells naturally, not from books.
Your magical power is your life essence.
You have superior vitality. (+4 MHP)
You have a pair of small horns on your head.
Your skin changes colour to match your surroundings (Stealth+).
Your body sometimes deteriorates upon taking damage.
You are very dopey. (Int -4)
Your spells are a little harder to cast, but a little more powerful.
You occasionally lose the ability to drink potions when taking damage.
You passively dampen the noise of your surroundings.


Message History

You closely miss something. Your headbutt misses something. Something hits you.
The orc hits you from afar with a +0 trident!
Your body deteriorates!
You feel weakened.
You are too injured to fight recklessly!
You slash something!
You feel better. Something hits you but does no damage.
The orc hits you from afar with a +0 trident.
Your body deteriorates!
You feel clumsy.
You miss something. Something hits you.
The orc hits you from afar with a +0 trident.
* * * LOW HITPOINT WARNING * * *
You slash something! You burn something.
Reactivating autopickup.
You feel a bit more experienced.
The orc hits you from afar with a +0 trident.
* * * LOW HITPOINT WARNING * * *
You feel your strength returning.
Your Dodging skill increases to level 3!
Your Spellcasting skill increases to level 2!
Your Conjurations skill increases to level 2!
Your Hexes skill increases to level 2!
Your Summonings skill increases to level 2!
Your Necromancy skill increases to level 2!
Your Translocations skill increases to level 2!
Your Fire Magic skill increases to level 2!
Your Ice Magic skill increases to level 2!
Your Air Magic skill increases to level 2!
Your Earth Magic skill increases to level 2!
Your Alchemy skill increases to level 2!
Unknown command.
The orc attacks as it pursues you! The orc closely misses you.
The orc attacks as it pursues you! The orc completely misses you.
The orc barely misses you.
You hit the orc but do no damage. The orc hits you with a +0 trident.
* * * LOW HITPOINT WARNING * * *
You barely miss the orc. You block the orc's attack.
You hit the orc.
The orc seems to grow stronger.
The orc is severely wounded.
The orc hits you with a +0 trident!
You die... "It was about time."

##...##..........................
##.#..#.........##.####..........
.#.##.#.........##.# ##.........
...##...........#..# #..........
...###..........#.## #.#........
...# ##...........# #..........
...# #.........### ##.#########
...####.........######..#......)#
...#....#.......@o..))..#..... #
.....#..........##.##...#..# #
.......###...#.###.###.)'..+ #
...##### ###.#.#........#..# #
...# #.#...#####..#..... # ...#
#....## #..#.......# ...# ###.##
#..######### ...# #.#
#........... ..## ###
#.....######


You could see an orc (strong).

Vanquished Creatures
  An orc priest (D:3)
  An orc wizard (D:3)
  2 adders
  A dart slug (D:1)
  An orc (D:3)
  4 bats
  4 endoplasms
  5 giant cockroaches
  5 hobgoblins
  7 jackals (D:3)
  4 quokkas
  8 ball pythons
  6 frilled lizards
  8 goblins
  4 kobolds
  3 rats
64 creatures vanquished.

Notes
Turn   | Place    | Note
-------+----------+-------------------------------------------
     0 | D:1      | Xavori the Djinni Chaos Knight began the quest for the Orb.
     0 | D:1      | Reached XP level 1. HP: 20/20 MP: 0/0
    84 | D:1      | XOM: potion effect (brilliance)
   247 | D:1      | XOM: scenery: summon butterflies
   252 | D:1      | Reached XP level 2. HP: 18/25 MP: 0/0
   353 | D:1      | XOM: 6-stop teleportation journey
   675 | D:1      | XOM: give mutation
   675 | D:1      | Gained mutation: You are very vulnerable to cold. (rC--)
                  | [Xom's mischief]
   685 | D:1      | XOM: give mutations
   685 | D:1      | Gained mutation: You are weak. (Str -2) [Xom's mischief]
   703 | D:1      | XOM: noise
   938 | D:1      | XOM: summons 2 hostile demons
   939 | D:1      | Noticed a crimson imp
   973 | D:2      | XOM: draining
  1183 | D:1      | XOM: give mutation
  1183 | D:1      | Gained mutation: You are very weak. (Str -4) [Xom's
                  | mischief]
  1404 | D:1      | XOM: give mutations
  1404 | D:1      | Gained mutation: Your body sometimes deteriorates upon
                  | taking damage. [Xom's mischief]
  1404 | D:1      | Gained mutation: You are strong-willed. (Will+) [Xom's
                  | mischief]
  1647 | D:1      | XOM is BORED!
  1647 | D:1      | XOM: summons 2 hostile demons
  2251 | D:1      | XOM: noise
  2703 | D:1      | XOM is BORED!
  2979 | D:1      | XOM: noise
  3454 | D:1      | XOM: god gift: 2 stones
  3689 | D:1      | XOM: summons 2 hostile demons
  3690 | D:1      | Noticed an orange demon
  3815 | D:2      | XOM: noise
  4073 | D:1      | XOM: summons 2 hostile demons
  4083 | D:2      | Reached XP level 3. HP: 14/26 MP: 0/0
  4083 | D:2      | Learned a level 1 spell: Necrotise
  5585 | D:1      | XOM: stat loss: -1 Str (5/7)
  5625 | D:1      | XOM: give mutation
  5625 | D:1      | Lost mutation: You are very vulnerable to cold. (rC--)
                  | [Xom's mischief]
  5695 | D:1      | XOM: give mutations
  5695 | D:1      | Gained mutation: You are clumsy. (Dex -2) [Xom's mischief]
  5695 | D:1      | Lost mutation: You are very weak. (Str -4) [Xom's mischief]
  6169 | D:1      | XOM: summons 2 hostile demons
  6170 | D:1      | Noticed a rust devil
  6547 | D:1      | XOM: summons 2 hostile shadow creatures
  6557 | D:2      | XOM: summons 2 hostile shadow creatures
  6624 | D:2      | XOM: give mutation
  6624 | D:2      | Gained mutation: You are dopey. (Int -2) [Xom's mischief]
  7043 | D:1      | XOM: stat loss: -1 Str (6/9)
  7144 | D:1      | XOM: summons 2 hostile demons
  7145 | D:1      | Noticed a ynoxinul
  7543 | D:1      | XOM: torment (14/26 hp)
  7563 | D:1      | XOM: summons 2 hostile demons
  7564 | D:1      | Noticed a red devil
  7564 | D:1      | Noticed an orange demon
  7565 | D:1      | XOM: smoke on damage
  7764 | D:1      | XOM: give mutations
  7764 | D:1      | Lost mutation: You are clumsy. (Dex -2) [Xom's mischief]
  7764 | D:1      | Gained mutation: You are very dopey. (Int -4) [Xom's
                  | mischief]
  7956 | D:1      | XOM: silly message
  8043 | D:1      | XOM: give mutations
  8043 | D:1      | Gained mutation: Your skin changes colour to match your
                  | surroundings (Stealth+). [Xom's mischief]
  8043 | D:1      | Gained mutation: You expend health (3 HP) to strengthen
                  | your wands. [Xom's mischief]
  8043 | D:1      | Lost mutation: You expend health (3 HP) to strengthen your
                  | wands. [Xom's mischief]
  8043 | D:1      | Lost mutation: You are strong-willed. (Will+) [Xom's
                  | mischief]
  8259 | D:1      | XOM: silly message
  8288 | D:1      | XOM: silly message
  8917 | D:1      | XOM: give mutations
  8917 | D:1      | Gained mutation: You have a pair of small horns on your
                  | head. [Xom's mischief]
  8917 | D:1      | Gained mutation: You occasionally lose the ability to drink
                  | potions when taking damage. [Xom's mischief]
  9470 | D:1      | XOM: divination: detect items
 10008 | D:1      | Identified a scroll of acquirement
 10008 | D:1      | Acquired the amulet of the Eleven Lives {Reflect Harm
                  | Regen+ SH+5}
 10095 | D:2      | Reached skill level 1 in Spellcasting
 10095 | D:2      | Reached skill level 1 in Conjurations
 10095 | D:2      | Reached skill level 1 in Hexes
 10095 | D:2      | Reached skill level 1 in Summonings
 10095 | D:2      | Reached skill level 1 in Necromancy
 10095 | D:2      | Reached skill level 1 in Translocations
 10095 | D:2      | Reached skill level 1 in Fire Magic
 10095 | D:2      | Reached skill level 1 in Ice Magic
 10095 | D:2      | Reached skill level 1 in Air Magic
 10095 | D:2      | Reached skill level 1 in Earth Magic
 10095 | D:2      | Reached skill level 1 in Alchemy
 10097 | D:2      | XOM: scenery: create altars
 10115 | D:2      | Found a hazy altar of Hepliaklqana.
 10202 | D:2      | XOM: scenery: create altars
 10231 | D:2      | XOM: 2-stop teleportation journey
 10238 | D:2      | XOM: god gift: 37 gold pieces
 10294 | D:2      | XOM: 2-stop teleportation journey
 10302 | D:2      | XOM: scenery: create altars
 10344 | D:2      | XOM is BORED!
 10344 | D:2      | XOM: summons 2 hostile demons
 10518 | D:2      | Reached XP level 4. HP: 34/34 MP: 0/0
 10683 | D:2      | XOM: give mutations
 10683 | D:2      | Lost mutation: You are weak. (Str -2) [Xom's grace]
 10683 | D:2      | Gained mutation: You passively dampen the noise of your
                  | surroundings. [Xom's grace]
 10683 | D:2      | Gained mutation: Your spells are a little harder to cast,
                  | but a little more powerful. [Xom's grace]
 10744 | D:3      | XOM: polymorph jackal -> endoplasm
 10984 | D:3      | Found a hide-covered altar of Uskayaw.
 11080 | D:3      | XOM: 2-stop teleportation journey
 11114 | D:3      | XOM: god gift: atropa-tipped dart
 11175 | D:3      | Reached XP level 5. HP: 28/40 MP: 0/0
 11175 | D:3      | Learned a level 2 spell: Scorch
 11196 | D:3      | Slain by an orc

Illustrated notes

Levels and vault maps discovered:
D:1:      shiori_arrival_oz, layout_basic
D:2:      layout_loops_cross, basic_altar, minmay_shallow_snake_nest
D:3:      layout_rooms, mainiacjoe_overflow_24_doors,
          nicolae_overflow_hidden_temple,
          hellmonk_ecumenical_altar_inner_sanctum, reono_crystal_passage

Skill      XL: |  1  2  3  4  5 |
---------------+----------------+-----
Spellcasting   | 1 2 |  2.0
Conjurations   | 1 2 |  2.0
Hexes          | 1 2 |  2.0
Summonings     | 1 2 |  2.0
Necromancy     | 1 2 |  2.0
Translocations | 1 2 |  2.0
Fire Magic     | 1 2 |  2.0
Ice Magic      | 1 2 |  2.0
Air Magic      | 1 2 |  2.0
Earth Magic    | 1 2 |  2.0
Alchemy        | 1 2 |  2.0
Long Blades    | 3 |  3.2
Armour         | 2 |  2.0
Dodging        | 3 |  3.0
Fighting       | |  3.5

Action                     |  1- 3 |  4- 6 || total
---------------------------+-------+-------++-------
  Melee: Falchion          |   102 |    90 ||   192
         Headbutt          |     6 |    16 ||    22
    Use: Scroll            |     1 |       ||     1
   Stab: Sleeping          |     2 |     8 ||    10
 Armour: Leather armour    |    93 |    55 ||   148
  Dodge: Dodged            |    58 |    58 ||   116
  Block: Other             |    13 |    17 ||    30
         Reflection        |     2 |       ||     2

Table legend: (Time is in decaauts)
 A = Elapsed time spent in this place.
 B = Non-inter-level travel time spent in this place.
 C = Inter-level travel time spent in this place.
 D = Time resting spent in this place.
 E = Time spent auto-exploring this place.
 F = Levels seen in this place.
 G = Mean time per level.
                   A        B        C        D        E       F      G
               +--------+--------+--------+--------+--------+-----+--------+
         Total |  11234 |  11190 |     44 |   9071 |   1598 |   3 | 3744.7 |
       Dungeon |  11234 |  11190 |     44 |   9071 |   1598 |   3 | 3744.7 |
               +--------+--------+--------+--------+--------+-----+--------+

Top non-repeatable levels by time:
     D:1: 8492 daAuts
     D:2: 2230 daAuts
     D:3: 511 daAuts
